AoeStats
← Ctrl Alt Defeat

Arabia

507516440Analyzed
4v4 RM · 14d ago on Sep 18, 2026· 55m 51s· 8 players
Game mode
Random Map
Map size
Large (8 player)
Population
200
Speed
Normal
Resources
Standard
Victory
Conquest
Starting age
Dark Age
Ending age
Imperial Age
RankedLock teamsTeams togetherTeam positionsShared explorationLock speedFull tech treeHidden civsTurbo modeCheats
Victory
Defeat
🇻🇳 Bohemians · Vietnam
820
+15
🇻🇳 Poles · Vietnam
782
+17
🇮🇹 Lithuanians · Italy
743
+19
🇷🇺 Malians · Russia
736
+19
🇪🇸 Berbers · Spain
819
-18
🇧🇪 Britons · Belgium
815
-36
🇺🇸 Vietnamese · United States
799
-17
🇺🇸 Celts · United States
785
-17
CouthTortoise40
0:40 Loom
[pp] yeep woop :3
1:15 Loom
12:09 Feudal Age
18:52 Castle Age
19:32 Crossbowman
21:33 Double-Bit Axe
23:38 Horse Collar
23:52 Stone Mining
25:32 Thumb Ring
27:03 Ballistics
32:38 Gold Mining
34:33 Fletching
34:45 Padded Archer Armor
35:32 Bodkin Arrow
37:28 Leather Archer Armor
41:20 Murder Holes
45:34 Wheelbarrow
45:10 Bow Saw
49:46 Imperial Age
49:32 Fortified Wall
52:11 Hand Cart
51:33 Elite Rattan Archer
52:39 Paper Money
53:42 Stone Shaft Mining
Jodelix
1:21 Loom
10:06 Feudal Age
13:09 Wheelbarrow
17:04 Castle Age
15:45 Double-Bit Axe
18:46 Horse Collar
21:04 Bow Saw
25:03 Hand Cart
24:50 Gold Mining
28:09 Man-at-Arms
30:15 Pikeman
31:32 Squires
32:44 Long Swordsman
35:05 Fletching
35:15 Padded Archer Armor
36:42 Heavy Plow
40:25 Imperial Age
38:58 Leather Archer Armor
38:39 Bodkin Arrow
40:06 Scale Mail Armor
39:55 Treadmill Crane
40:27 Two-Handed Swordsman
41:30 Chain Mail Armor
41:46 Ring Archer Armor
42:13 Conscription
44:02 Chemistry
43:24 Ballistics
43:58 Masonry
44:36 Forging
45:31 Gold Shaft Mining
45:37 Champion
47:40 Bracer
48:54 Iron Casting
48:19 Elite Camel Archer
Ctrl Alt Defeat
12:45 Feudal Age
14:49 Wheelbarrow
14:00 Town Watch
16:47 Fishing Lines
16:57 Horse Collar
18:31 Scale Barding Armor
20:07 Double-Bit Axe
20:25 Gold Mining
22:21 Fletching
26:12 Stone Mining
29:33 Castle Age
30:36 Chain Barding Armor
30:22 Pikeman
32:32 Hand Cart
34:45 Squires
34:49 Husbandry
37:37 Town Patrol
eppas123
0:48 Loom
11:35 Feudal Age
12:23 Horse Collar
21:06 Castle Age
19:07 Double-Bit Axe
22:16 Gold Mining
22:19 Stone Mining
22:51 Bow Saw
23:02 Heavy Plow
25:43 Wheelbarrow
26:14 Stone Shaft Mining
28:10 Hand Cart
29:20 Scale Barding Armor
29:26 Forging
34:18 Imperial Age
32:05 Light Cavalry
32:56 Bloodlines
32:46 Husbandry
34:16 Chain Barding Armor
34:31 Iron Casting
33:58 Scale Mail Armor
34:01 Caravan
34:32 Coinage
34:31 Winged Hussar
37:13 Banking
36:34 Elite Obuch
38:18 Blast Furnace
37:35 Chain Mail Armor
38:12 Szlachta Privileges
38:27 Lechitic Legacy
A V A N G A R D
4:19 Loom
10:14 Feudal Age
10:40 Double-Bit Axe
11:25 Town Watch
13:13 Horse Collar
14:05 Gold Mining
20:24 Castle Age
18:00 Man-at-Arms
20:33 Wheelbarrow
19:54 Stone Mining
21:38 Bow Saw
21:30 Heavy Plow
23:40 Stone Shaft Mining
23:27 Long Swordsman
24:08 Squires
24:11 Husbandry
26:28 Gold Shaft Mining
27:51 Hand Cart
31:03 Caravan
31:51 Light Cavalry
33:48 Forging
33:39 Scale Mail Armor
33:45 Scale Barding Armor
37:50 Imperial Age
36:24 Tigui
36:37 Pikeman
37:02 Arson
37:37 Chain Mail Armor
37:13 Fletching
37:24 Padded Archer Armor
38:59 Conscription
39:52 Crop Rotation
40:58 Two-Handed Swordsman
42:43 Leather Archer Armor
42:59 Plate Mail Armor
43:37 Hoardings
44:44 Masonry
45:35 Chemistry
44:16 Treadmill Crane
44:18 Heavy Camel Rider
47:10 Chain Barding Armor
47:26 Iron Casting
47:51 Murder Holes
48:17 Ballistics
48:28 Architecture
49:45 Elite Gbeto
54:12 Bodkin Arrow
54:47 Ring Archer Armor
54:53 Plate Barding Armor
DogeDogOfVenice
3:02 Loom
13:15 Feudal Age
14:51 Wheelbarrow
14:04 Double-Bit Axe
17:42 Town Watch
18:17 Horse Collar
25:49 Castle Age
23:48 Gold Mining
24:27 Padded Archer Armor
24:23 Fletching
26:27 Scale Mail Armor
26:35 Scale Barding Armor
26:40 Forging
28:11 Heavy Plow
31:02 Leather Archer Armor
33:21 Bow Saw
35:18 Stone Mining
40:10 Imperial Age
40:35 Ballistics
40:08 Guard Tower
40:29 Fortified Wall
41:57 Ring Archer Armor
41:23 Bodkin Arrow
42:03 Iron Casting
41:49 Chain Barding Armor
41:45 Chain Mail Armor
41:50 Hand Cart
42:08 Crop Rotation
41:42 Town Patrol
42:41 Treadmill Crane
42:52 Heated Shot
44:06 Chemistry
43:42 Keep
43:02 Murder Holes
43:18 Masonry
44:02 Bracer
44:17 Caravan
44:22 Cavalier
45:02 Husbandry
45:13 Bloodlines
44:25 Light Cavalry
46:45 Paladin
46:45 Winged Hussar
48:01 Architecture
47:52 Bombard Tower
47:55 Conscription
47:36 Tower Shields
49:07 Hill Forts
49:45 Hoardings
50:15 Plate Barding Armor
52:03 Two-Man Saw
51:53 Guilds
52:45 Coinage
54:12 Heavy Cavalry Archer
54:58 Man-at-Arms
54:59 Pikeman
55:39 Squires
55:25 Arson
56:50 Banking
55:46 Elite Leitis
AnnieQN
9:40 Loom
12:04 Feudal Age
17:31 Double-Bit Axe
22:14 Castle Age
26:18 Forging
27:18 Scale Barding Armor
27:31 Husbandry
33:02 Horse Collar
33:34 Bow Saw
37:44 Imperial Age
36:51 Iron Casting
36:37 Chain Barding Armor
37:59 Elite Hussite Wagon
38:45 Fletching
38:56 Padded Archer Armor
39:36 Ballistics
40:17 Chemistry
41:04 Bodkin Arrow
41:27 Leather Archer Armor
40:42 Cavalier
42:30 Murder Holes
51:36 Siege Engineers
53:30 Houfnice
Connection lost

Rejoining the realm…

Still unreachable

The connection could not be restored.

Session expired

The server has moved on; the page needs a fresh start.